 Dungeon Crawl Stone Soup version 0.30-a0-229-g2dd1c91445 (webtiles) character file.

Game seed: 10386647469928328478

1274 qw the Cleaver (level 8, -6/51 HPs)
             Began as a Gargoyle Fighter on Oct 9, 2022.
             Mangled by an ogre
             ... wielding a +0 giant club
              (20 damage)
             ... on level 5 of the Dungeon.
             The game lasted 00:02:49 (4525 turns).

qw the Cleaver (Gargoyle Fighter)                   Turns: 4525, Time: 00:02:50

Health: -6/51      AC: 19    Str: 22    XL:     8   Next: 53%
Magic:  8/8        EV:  7    Int:  9    God:
Gold:   256        SH:  4    Dex:  9    Spells: 7/7 levels left

rFire   . . .      SeeInvis .    Y - +1 war axe
rCold   . . .      Faith    .    c - +0 buckler
rNeg    + . .      Spirit   .    h - +0 chain mail
rPois   inf        Reflect  .    k - +2 hat
rElec   +          Harm     .    (no cloak)
rCorr   .          Rampage  .    a - +2 pair of gloves
Will    .....                    (no boots)
Stlth   ..........               (no amulet)
HPRegen 0.28/turn                (no ring)
MPRegen 0.11/turn                (no ring)

@: no status effects
A: sickness immunity, AC +5, negative energy resistance 1, electricity
resistance, torment resistance 1, petrification resistance
a: no special abilities


You were on level 5 of the Dungeon.
You visited 1 branch of the dungeon, and saw 5 of its levels.

You collected 256 gold pieces.


Innate Abilities, Weirdness & Mutations

You are immune to sickness and miasma.
Your stone body is resilient. (AC +5)
You are immune to poison.
You resist negative energy. (rN+)
You are resistant to electric shocks. (rElec)
You are resistant to unholy torment.
You are immune to petrification.


   Skills:
 + Level 5.9 Fighting
 - Level 8.1 Axes
 - Level 1.5 Throwing
 - Level 3.2 Armour
 - Level 1.0 Dodging
 - Level 3.2 Shields


You had 7 spell levels left.
You didn't know any spells.
Your spell library was empty.

Inventory:

Hand Weapons
 e - a +0 flail
 Y - a +1 war axe (weapon)
Armour
 a - a +2 pair of gloves (worn)
 c - a +0 buckler (worn)
 h - a +0 chain mail (worn)
 k - a +2 hat (worn)
 q - a +3 ring mail of cold resistance
Scrolls
 g - 2 scrolls of identify
Potions
 d - 2 potions of might
 i - a potion of cancellation

Dungeon Overview and Level Annotations

Branches:
Dungeon (5/15)
 Temple: D:4-7

Altars:
Cheibriados
Wu Jian
Yredelemnul

Annotations:
D:5 3 runed translucent doors, qw's ghost, novice GrFi


Message History

Things that are here:
a +0 halberd; a gnoll corpse You now have 244 gold pieces (gained 3).
Things that are here:
a +0 leather armour; a +0 whip; a gnoll corpse
There is a stone staircase leading up here.
Things that are here:
a +0 flail; a gnoll corpse You now have 256 gold pieces (gained 12).
There is a stone staircase leading up here.
Things that are here:
a +0 halberd; a gnoll corpse You see here a +0 ring mail.
There is a stone staircase leading down here.
A scorpion comes into view.
Found a hand axe.
The scorpion stings you but does no damage.
You slash the scorpion!
The scorpion is severely wounded.
The scorpion stings you but does no damage.
You slash the scorpion!
You kill the scorpion!
An ogre comes into view. It is wielding a +0 giant club.
The ogre shouts!
You hit the ogre but do no damage. The ogre hits you with a +0 giant club!
You hit the ogre but do no damage.
The ogre hits you with a +0 giant club!!
You slash the ogre!
The ogre is moderately wounded.
You slash the ogre!
The ogre is severely wounded.
The ogre barely misses you.
You hit the ogre.
The ogre is severely wounded.
You block the ogre's attack.
You barely miss the ogre.
The ogre is severely wounded.
The ogre hits you with a +0 giant club!!
You die...

#
#.........)....##..#
#
######.#######.##.##
# #.# #.# # #.# #.#
. #.# #.# #.# #.#
#.# #.# #.# #.# #@#
#.# #.....O...# #.#
#.......#.# #.#
#.####...... ##.#
#.## ### #..# ## #
#. #.## . . #.
#####.# .#. ..
#.....#
..###+###+###+###.#


You could see an ogre.

Vanquished Creatures
  Pargi (D:3)
  An ice beast (D:5)
  A phantom (D:5)
  A bullfrog (D:5)
  A necrophage (D:4)
  4 scorpions
  3 orc priests (D:5)
  A jelly (D:2)
  A gnoll bouda (D:5)
  A hound (D:5)
  2 orc wizards
  Robin (D:3)
  7 gnolls
  11 adders
  A river rat (D:3)
  2 shadow imps (D:4)
  4 white imps
  An ufetubus (D:4)
  6 worms
  2 dart slugs
  21 orcs
  5 bats
  4 endoplasms
  7 giant cockroaches
  25 goblins
  23 hobgoblins
  2 jackals (D:3)
  7 kobolds
  6 quokkas
  15 ball pythons
  5 frilled lizards
  8 rats
180 creatures vanquished.

Vanquished Creatures (others)
  3 demonic plants (D:4)
  A plant (D:4)
4 creatures vanquished.

Grand Total: 184 creatures vanquished

Notes
Turn   | Place    | Note
-------+----------+-------------------------------------------
     0 | D:1      | qw the Gargoyle Fighter began the quest for the Orb.
     0 | D:1      | Reached XP level 1. HP: 14/14 MP: 1/1
     0 | D:1      | 0 ||| qw: Version: 0.2-a-17-g06abaee
     0 | D:1      | 0 ||| qw: Game counter: 2305
     0 | D:1      | 0 ||| qw: Always use a shield: true
     0 | D:1      | 0 ||| qw: God list: Okawaru
     0 | D:1      | 0 ||| qw: Allow faded altars: false
     0 | D:1      | 0 ||| qw: Do Orc after D:15 true
     0 | D:1      | 0 ||| qw: Do second Lair branch before Depths: true
     0 | D:1      | 0 ||| qw: Lair rune preference: random
     0 | D:1      | 0 ||| qw: Plans: Normal, Zot:1-4, God:TSO, Crypt, Tomb,
                  | Pan, Slime:5, Hells, Abyss, Orb
     0 | D:1      | 0 ||| PLANNING D:1-11
    37 | D:1      | Reached skill level 2 in Axes
    90 | D:1      | Reached XP level 2. HP: 18/19 MP: 2/2
   350 | D:1      | Reached skill level 3 in Axes
   378 | D:1      | 378 ||| DROPPING +0 club.
   398 | D:1      | Reached XP level 3. HP: 20/23 MP: 3/3
   609 | D:1      | 609 ||| Stepping ~*~*~tactically~*~*~ (stealth).
   706 | D:1      | 706 ||| READING scroll labelled COCAHIEDYI.
   807 | D:1      | 807 ||| READING 4 scrolls labelled SUYDGH FUTIMUINN.
   808 | D:1      | 808 ||| READING scroll labelled LYENELL TATO.
   809 | D:1      | 809 ||| READING scroll labelled BIOTOPS XASMO.
   810 | D:1      | 810 ||| READING scroll labelled SISUOMAGUF.
   813 | D:1      | 813 ||| DRINKING 2 inky potions.
   814 | D:1      | 814 ||| READING 3 scrolls of identify.
   814 | D:1      | 814 ||| IDENTIFYING golden potion
   815 | D:1      | 815 ||| READING 2 scrolls of identify.
   815 | D:1      | 815 ||| IDENTIFYING coppery potion
   816 | D:1      | 816 ||| DROPPING potion of flight.
   847 | D:2      | 847 ||| STAIRDANCE
   851 | D:2      | 851 ||| STAIRDANCE
   855 | D:2      | 855 ||| STAIRDANCE
   859 | D:2      | 859 ||| STAIRDANCE
   863 | D:2      | 863 ||| STAIRDANCE
   867 | D:2      | 867 ||| STAIRDANCE
   871 | D:2      | 871 ||| STAIRDANCE
   875 | D:2      | 875 ||| STAIRDANCE
   879 | D:2      | 879 ||| STAIRDANCE
   883 | D:2      | 883 ||| STAIRDANCE
   887 | D:2      | 887 ||| STAIRDANCE
   891 | D:2      | 891 ||| STAIRDANCE
   895 | D:2      | 895 ||| STAIRDANCE
   899 | D:2      | 899 ||| STAIRDANCE
   903 | D:2      | 903 ||| STAIRDANCE
   907 | D:2      | 907 ||| STAIRDANCE
   911 | D:2      | 911 ||| STAIRDANCE
   915 | D:2      | 915 ||| STAIRDANCE
   919 | D:2      | 919 ||| STAIRDANCE
   923 | D:2      | 923 ||| STAIRDANCE
   944 | D:2      | 944 ||| FLEEEEING.
   945 | D:2      | 945 ||| FLEEEEING.
   956 | D:1      | 956 ||| UPGRADING to +0 pair of gloves.
  1026 | D:2      | Reached XP level 4. HP: 23/28 MP: 4/4
  1146 | D:2      | 1146 ||| READING scroll of enchant armour.
  1146 | D:2      | 1146 ||| ENCHANTING +0 pair of gloves.
  1157 | D:2      | Reached skill level 4 in Axes
  1264 | D:2      | 1264 ||| Stepping ~*~*~tactically~*~*~ (stealth).
  1274 | D:2      | 1274 ||| Stepping ~*~*~tactically~*~*~ (hiding).
  1281 | D:2      | Reached XP level 5. HP: 27/32 MP: 5/5
  1371 | D:2      | 1371 ||| Stepping ~*~*~tactically~*~*~ (stealth).
  1386 | D:2      | 1386 ||| UPGRADING to +0 chain mail.
  1396 | D:2      | 1396 ||| DROPPING +0 scale mail.
  1397 | D:2      | 1397 ||| READING scroll labelled NUENAZ MANLUIG.
  1398 | D:2      | 1398 ||| DRINKING 2 bubbling golden potions.
  1402 | D:3      | 1402 ||| PLANNING SEWER
  1476 | D:3      | Noticed Pargi
  1496 | D:3      | HP: 7/32 [Pargi (3)]
  1497 | D:3      | 1497 ||| DRINKING 2 potions of heal wounds.
  1504 | D:3      | Killed Pargi
  1505 | D:3      | Reached skill level 5 in Axes
  1605 | D:3      | Reached XP level 6. HP: 37/37 MP: 6/6
  1616 | D:3      | Found a basalt altar of Yredelemnul.
  1636 | D:3      | 1636 ||| Stepping ~*~*~tactically~*~*~ (stealth).
  1638 | D:3      | 1638 ||| Stepping ~*~*~tactically~*~*~ (stealth).
  1639 | D:3      | 1639 ||| Stepping ~*~*~tactically~*~*~ (stealth).
  1690 | D:3      | Noticed Robin
  1691 | D:3      | 1691 ||| Stepping ~*~*~tactically~*~*~ (hiding).
  1705 | D:3      | Killed Robin
  1739 | D:3      | 1739 ||| DROPPING +0 whip.
  1749 | D:3      | 1749 ||| Stepping ~*~*~tactically~*~*~ (hiding).
  1824 | D:3      | 1824 ||| Stepping ~*~*~tactically~*~*~ (hiding).
  2073 | D:3      | 2073 ||| RIP SEWER
  2074 | D:3      | 2074 ||| PLANNING D:1-11
  2157 | D:3      | 2157 ||| Stepping ~*~*~tactically~*~*~ (stealth).
  2183 | D:3      | 2183 ||| FLEEEEING.
  2184 | D:3      | 2184 ||| FLEEEEING.
  2185 | D:3      | 2185 ||| FLEEEEING.
  2186 | D:3      | 2186 ||| FLEEEEING.
  2203 | D:3      | 2203 ||| Stepping ~*~*~tactically~*~*~ (stealth).
  2416 | D:3      | 2416 ||| UPGRADING to +2 hat.
  2421 | D:3      | 2421 ||| DROPPING +0 helmet.
  2422 | D:3      | 2422 ||| READING scroll labelled FUKIABR XOEDE.
  2453 | D:3      | 2453 ||| READING scroll labelled ESAFISH UGYRUI.
  2454 | D:3      | 2454 ||| READING scroll labelled YXKIPT NEODD.
  2585 | D:4      | Reached skill level 6 in Axes
  2590 | D:4      | 2590 ||| Stepping ~*~*~tactically~*~*~ (hiding).
  2698 | D:4      | 2698 ||| Stepping ~*~*~tactically~*~*~ (stealth).
  2715 | D:4      | Reached skill level 1 in Dodging
  2733 | D:4      | Reached XP level 7. HP: 17/43 MP: 7/7
  2737 | D:4      | 2737 ||| Stepping ~*~*~tactically~*~*~ (stealth).
  2761 | D:4      | 2761 ||| Stepping ~*~*~tactically~*~*~ (stealth).
  2770 | D:4      | 2770 ||| Stepping ~*~*~tactically~*~*~ (stealth).
  2787 | D:4      | 2787 ||| FLEEEEING.
  2788 | D:4      | 2788 ||| FLEEEEING.
  2790 | D:4      | 2790 ||| FLEEEEING.
  2791 | D:4      | 2791 ||| FLEEEEING.
  2850 | D:4      | 2850 ||| Stepping ~*~*~tactically~*~*~ (hiding).
  2862 | D:4      | 2862 ||| DRINKING 2 potions of curing.
  2862 | D:4      | 2862 ||| (to cure confusion)
  2875 | D:4      | 2875 ||| READING scroll of enchant armour.
  2875 | D:4      | 2875 ||| ENCHANTING +1 pair of gloves.
  2983 | D:4      | Reached skill level 7 in Axes
  3001 | D:4      | 3001 ||| Stepping ~*~*~tactically~*~*~ (stealth).
  3016 | D:4      | 3016 ||| Stepping ~*~*~tactically~*~*~ (stealth).
  3109 | D:4      | 3109 ||| Stepping ~*~*~tactically~*~*~ (hiding).
  3300 | D:4      | 3300 ||| Stepping ~*~*~tactically~*~*~ (stealth).
  3301 | D:4      | 3301 ||| Stepping ~*~*~tactically~*~*~ (stealth).
  3410 | D:4      | 3410 ||| Stepping ~*~*~tactically~*~*~ (stealth).
  3475 | D:4      | 3475 ||| DROPPING +0 mace of holy wrath.
  3610 | D:4      | 3610 ||| Stepping ~*~*~tactically~*~*~ (stealth).
  3612 | D:4      | 3612 ||| Stepping ~*~*~tactically~*~*~ (stealth).
  3613 | D:4      | 3613 ||| Stepping ~*~*~tactically~*~*~ (stealth).
  3614 | D:4      | 3614 ||| Stepping ~*~*~tactically~*~*~ (stealth).
  3615 | D:4      | 3615 ||| Stepping ~*~*~tactically~*~*~ (stealth).
  3795 | D:4      | Found an ornate altar of the Wu Jian Council.
  3796 | D:4      | 3796 ||| READING scroll labelled KYNUMITSIZ.
  3797 | D:4      | 3797 ||| READING scroll labelled RUSIS LESUXEH.
  3798 | D:4      | 3798 ||| READING scroll labelled NIYCOG APEFFAH.
  3799 | D:4      | 3799 ||| READING scroll labelled XUMELEDAPT.
  3816 | D:5      | Entered Level 5 of the Dungeon
  3858 | D:5      | 3858 ||| Stepping ~*~*~tactically~*~*~ (stealth).
  3862 | D:5      | Found a snail-covered altar of Cheibriados.
  3956 | D:5      | Reached skill level 1 in Throwing
  3967 | D:5      | Reached XP level 8. HP: 45/49 MP: 8/8
  4012 | D:5      | Found a runed translucent gate.
  4012 | D:5      | Found a runed translucent gate.
  4014 | D:5      | Found a runed translucent gate.
  4014 | D:5      | Noticed qw's ghost (novice GrFi)
  4045 | D:5      | 4045 ||| DRINKING potion of curing.
  4045 | D:5      | 4045 ||| (to cure confusion)
  4062 | D:5      | Reached skill level 8 in Axes
  4205 | D:5      | 4205 ||| FLEEEEING.
  4208 | D:5      | 4208 ||| FLEEEEING.
  4209 | D:5      | 4209 ||| FLEEEEING.
  4210 | D:5      | 4210 ||| Stepping ~*~*~tactically~*~*~ (hiding).
  4211 | D:5      | 4211 ||| Stepping ~*~*~tactically~*~*~ (hiding).
  4224 | D:5      | HP: 11/49 [gnoll/+0 halberd[a gnoll bouda] (10)]
  4225 | D:5      | 4225 ||| READING scroll of teleportation.
  4226 | D:5      | 4226 ||| DRINKING potion of heal wounds.
  4378 | D:5      | 4378 ||| FLEEEEING.
  4379 | D:5      | 4379 ||| FLEEEEING.
  4380 | D:5      | 4380 ||| STAIRDANCE
  4422 | D:4      | 4422 ||| DROPPING orb of guile.
  4423 | D:4      | 4423 ||| READING scroll labelled GASSYNT QOLEDU.
  4424 | D:4      | 4424 ||| READING scroll labelled SUIRHEC LUFEF.
  4437 | D:5      | 4437 ||| STAIRDANCE
  4525 | D:5      | Mangled by an ogre

Levels and vault maps discovered:
D:1:      spicycebolla_arrival_ecumenical, layout_basic, minmay_domino_2
D:2:      layout_rooms
D:3:      layout_loops_ring, mainiacjoe_overflow_alcove_2, portal_sewer_entry_e,
          uniq_pargi, uniq_robin
D:4:      corexii_shantytown, layout_loops_ring, kennysheep_mini,
          serial_demonic, serial_demonic_b, serial_demonic_c, serial_demonic_a,
          serial_demonic_g, minmay_fractal_squares_5
D:5:      layout_loops_ring, mainiacjoe_overflow_24_doors,
          gammafunk_ghost_nasty_kobolds

Skill      XL: |  1  2  3  4  5  6  7  8 |
---------------+-------------------------+-----
Axes           | 2 3 4 5 6 7 8 |  8.1
Fighting       | 4 5 |  5.9
Dodging        | 1 |  1.0
Throwing       | 1 |  1.5
Armour         | |  3.2
Shields        | |  3.2

Action                   |  1- 3 |  4- 6 |  7- 9 || total
-------------------------+-------+-------+-------++-------
Melee: War axe           |   119 |   257 |   215 ||   591
Throw: Boomerang         |       |       |    16 ||    16
  Use: Scroll            |     7 |     5 |     8 ||    20
       Potion            |     1 |     2 |     3 ||     6
 Stab: Distracted        |       |       |     1 ||     1
Armor: Scale mail        |    64 |    31 |       ||    95
       Chain mail        |       |   182 |   134 ||   316
Dodge: Dodged            |    52 |   112 |    54 ||   218
Block: Buckler           |    31 |    53 |    26 ||   110

Table legend:
 A = Non-vault XP
 B = Vault XP
 C = Vault XP percentage of total XP
 D = Non-vault monster count
 E = Vault monster count
 F = Vault count percentage of total count
                 A         B        C        D         E       F
            +---------+---------+-------+---------+---------+-------
      Total |    1314 |     506 |  27.8 |     111 |      69 |  38.3
            +---------+---------+-------+---------+---------+-------
        D:1 |      46 |       4 |   8.0 |      29 |       2 |   6.5
        D:2 |     121 |       0 |   0.0 |      25 |       0 |   0.0
        D:3 |      45 |     202 |  81.8 |      15 |      20 |  57.1
        D:4 |     364 |     300 |  45.2 |      19 |      47 |  71.2
        D:5 |     738 |       0 |   0.0 |      23 |       0 |   0.0
            +---------+---------+-------+---------+---------+-------
